 Dungeon Crawl Stone Soup version 0.26.1-11-gd32895ea62 (webtiles) character file.

Game seed: 4748034331268596038

1393 dtburroughs the Skirmisher (level 8, -15/73 HPs)
             Began as a Minotaur Berserker on May 17, 2021.
             Was a Priest of Trog.
             Demolished by an orc warrior
             ... wielding a +1 short sword of venom
              (16 damage)
             ... on level 5 of the Dungeon.
             The game lasted 00:10:00 (5320 turns).

dtburroughs the Skirmisher (Minotaur Berserker)     Turns: 5320, Time: 00:10:00

Health: -15/73     AC: 11    Str: 22    XL:     8   Next: 41%
Magic:  7/7        EV: 10    Int:  6    God:    Trog [***...]
Gold:   250        SH:  0    Dex: 10    Spells: 7/7 levels left

rFire    . . .     SeeInvis .   r - +2 whip (vamp)
rCold    . . .     Faith    .   (no shield)
rNeg     . . .     Spirit   .   m - +0 chain mail
rPois    .         Reflect  .   (helmet restricted)
rElec    .         Harm     .   (no cloak)
rCorr    .         Rampage  .   b - +0 pair of gloves
Will     ++...                  (no boots)
Stlth    ..........             (no amulet)
HPRegen  1.22/turn              (no ring)
MPRegen  0.10/turn              (no ring)

@: mighty, lethally poisoned (-15 -> -25), regenerating (expiring)
A: retaliatory headbutt, horns 2
a: Renounce Religion, Berserk, Trog's Hand


You were on level 5 of the Dungeon.
You worshipped Trog.
Trog was most pleased with you.
You visited 1 branch of the dungeon, and saw 6 of its levels.

You collected 250 gold pieces.

Inventory:

Hand Weapons
 a - a +0 hand axe
 r - a +2 vampiric whip (weapon)
 u - a +1 whip of venom
 B - a +0 war axe
Armour
 b - a +0 pair of gloves (worn)
 m - a +0 chain mail (worn)
Jewellery
 h - an uncursed ring of wizardry {unknown}
 j - an uncursed ring of resist corrosion {unknown}
 k - an uncursed ring of protection from cold {unknown}
 s - an uncursed ring of poison resistance {unknown}
Wands
 D - a wand of polymorph (10)
Scrolls
 c - 7 scrolls of identify {unknown}
 e - 2 scrolls of teleportation {unknown}
 n - a scroll of enchant armour {unknown}
 p - 2 scrolls of remove curse {unknown}
 q - a scroll of blinking {unknown}
 t - 2 scrolls of magic mapping {unknown}
 v - a scroll of fog {unknown}
 y - a scroll of amnesia {unknown}
Potions
 d - a potion of might
 f - 2 potions of heal wounds {unknown}
 g - 2 potions of resistance {unknown}
 i - 2 potions of degeneration {unknown}
 l - a potion of flight {unknown}
 o - 2 potions of magic {unknown}
 w - a potion of attraction {unknown}
 x - a potion of invisibility {unknown}
 z - a potion of curing {unknown}
 A - a potion of mutation {unknown}
 C - 2 potions of lignification {unknown}
 E - a potion of berserk rage {unknown}


   Skills:
 + Level 7.2 Fighting
 + Level 7.2 Axes
 + Level 6.6 Armour
 + Level 6.0 Dodging


You had 7 spell levels left.
You didn't know any spells.
Your spell library was empty.

Dungeon Overview and Level Annotations

Branches:
Dungeon (6/15)             Temple (0/1) D:5

Altars:
Fedhas
Gozag
Nemelex Xobeh
Qazlal


Innate Abilities, Weirdness & Mutations

You reflexively headbutt those who attack you in melee.
You have a pair of horns on your head.


Message History

The orc warrior is heavily wounded.
* * * LOW HITPOINT WARNING * * *
You feel very sick. Something hits you but does no damage.
The orc warrior closely misses you.
* * * LOW HITPOINT WARNING * * *
You feel very sick. Something hits you but does no damage.
You feel the effects of Trog's Hand fading.
* * * LOW HITPOINT WARNING * * *
You feel very sick.
You hear some strange, mumbled words.
A magic dart appears from out of thin air!
The magic dart hits you but does no damage.
It was a potion of might.
You feel very mighty all of a sudden.
* * * LOW HITPOINT WARNING * * *
You feel very sick. Something hits you but does no damage.
The orc warrior hits you with a +1 short sword of venom!
You die...

#...# #....# #...#
#....# #...# #....#
#...# #^...# #...##
#....# #....####(.<.#
#.......<....#
#....##...##.# #######
#.....>o@..#.# #......
###..##{...#.### #......
#............####..#.#.
#.###...##.#.##........
#.###...#..#.......#.#.
#.#...........#........
##.#.#.#.#.#.####.######
#.................#
#....#.#.#.#..#####


You could see an orc warrior.

Vanquished Creatures
  Sigmund (D:4)
  Menkaure (D:5)
  2 sky beasts (D:5)
  A black bear (D:5)
  An ogre (D:4)
  2 centaurs (D:5)
  A howler monkey (D:4)
  A bullfrog skeleton (D:5)
  A hound (D:5)
  An iguana (D:5)
  8 worker ants
  A killer bee zombie (D:5)
  A hound zombie (D:5)
  A hound skeleton (D:4)
  Robin (D:3)
  9 adders
  3 gnolls (D:2)
  A shadow imp (D:5)
  An ufetubus (D:5)
  An adder zombie (D:5)
  4 worms
  2 dart slugs
  5 leopard geckos
  3 orcs
  A ball python (D:1)
  7 bats
  5 giant cockroaches
  13 goblins
  16 hobgoblins
  A quokka (D:2)
  5 frilled lizards
  6 kobolds
  5 rats
112 creatures vanquished.

Notes
Turn   | Place    | Note
-------+----------+-------------------------------------------
     0 | D:1      | dtburroughs the Minotaur Berserker began the quest for the
                  | Orb.
     0 | D:1      | Reached XP level 1. HP: 19/19 MP: 0/0
   360 | D:1      | Reached XP level 2. HP: 27/27 MP: 1/1
   959 | D:2      | Reached XP level 3. HP: 26/33 MP: 2/2
  1204 | D:2      | Reached ** piety under Trog
  1649 | D:2      | Reached XP level 4. HP: 37/41 MP: 3/3
  2392 | D:2      | Found an opulent altar of Gozag.
  2392 | D:2      | Found a sparkling altar of Nemelex Xobeh.
  2396 | D:2      | Reached XP level 5. HP: 47/47 MP: 4/4
  2558 | D:3      | Noticed Robin
  2586 | D:3      | Killed Robin
  3316 | D:3      | Reached *** piety under Trog
  3570 | D:4      | Reached skill level 5 in Fighting
  3609 | D:4      | Reached skill level 5 in Axes
  3744 | D:4      | Noticed Sigmund
  3771 | D:4      | Killed Sigmund
  3772 | D:4      | Reached XP level 6. HP: 56/56 MP: 5/5
  3906 | D:4      | Reached skill level 5 in Armour
  3906 | D:4      | Reached XP level 7. HP: 55/62 MP: 6/6
  4260 | D:5      | Entered Level 5 of the Dungeon
  4484 | D:5      | Reached skill level 5 in Dodging
  4593 | D:5      | Found a stormy altar of Qazlal.
  4593 | D:5      | Noticed Menkaure
  4606 | D:5      | Killed Menkaure
  4607 | D:5      | Reached XP level 8. HP: 57/71 MP: 7/7
  4623 | D:5      | Found a blossoming altar of Fedhas.
  5273 | D:5      | Found a staircase to the Ecumenical Temple.
  5320 | D:5      | HP: 1/73 [poisoned by an orc warrior]
  5320 | D:5      | Demolished by an orc warrior

Illustrated notes

Levels and vault maps discovered:
D:1:      giann_wishing_wells, layout_basic
D:2:      layout_basic, grunt_temple_overflow_opulence,
          kennysheep_generic_room_5
D:3:      layout_basic, chequers_serial_rivers_small_a, due_unseen_surprise,
          uniq_robin
D:4:      layout_cave_pools, serial_bayou_lagoon_b, uniq_sigmund
D:5:      layout_basic, grunt_temple_overflow_forces_of_nature,
          minmay_temple_entry_enclosed_plants, serial_glass, glass_columns_a,
          glass_columns_c, uniq_menkaure
D:6:      layout_basic

Skill      XL: |  1  2  3  4  5  6  7  8 |
---------------+-------------------------+-----
Fighting       | 4 5 6 7 |  7.2
Axes           | 4 5 6 7 |  7.2
Armour         | 3 4 5 6 |  6.6
Dodging        | 3 4 5 6 |  6.0

Action                   |  1- 3 |  4- 6 |  7- 9 || total
-------------------------+-------+-------+-------++-------
Melee: Hand axe          |    76 |    23 |       ||    99
       Headbutt          |    10 |    21 |    31 ||    62
       Whip              |       |   106 |   130 ||   236
Invok: Trog's Hand       |       |     2 |     2 ||     4
       Berserk           |       |     1 |       ||     1
  Use: Potion            |       |       |     1 ||     1
Armor: Animal skin       |     1 |       |       ||     1
       Chain mail        |    42 |    73 |    85 ||   200
       Ring mail         |     4 |       |       ||     4
Dodge: Dodged            |    41 |    78 |    72 ||   191
